[Event "Saturday Night Round Robin 3m+1s Starts at 2200hrs ST No Late Joins Possilbe"]
[Site "Infinity Chess"]
[Date "2018.1.27"]
[Round "9"]
[White "klasman"]
[Black "ludimilojko"]
[Result "1/2-1/2"]
[ECO "C50"]
[WhiteElo "2466"]
[BlackElo "2372"]
[WhiteEngine "asmFishW_2018-01-01_popcnt_CTG"]
[BlackEngine "asmFishW_2018-01-12_popcnt_CTG"]
[EventType "Round Robin"]
[WhiteTeam ""]
[BlackTeam ""]
[PlyCount "134"]
[TimeControl "180+1"]

1. e4 e5 2. Nf3 Nc6 3. Bc4 Bc5 4. O-O Nf6 5. d3 d6 6. c3 O-O 7. Bg5 h6 8. Bh4 a6 
9. a4 g5 10. Bg3 Ba7 11. Nbd2 Nh7 12. h3 h5 13. Kh1 Kh8 14. b4 g4 15. Nh4 Qg5 
16. Kh2 Ne7 17. Qe2 Qg7 18. Rh1 f5 19. exf5 Nxf5 20. Nxf5 Bxf5 21. h4 Nf6 
22. Rhe1 Bg6 23. Kg1 d5 24. Ba2 Rae8 25. Rac1 c6 26. c4 e4 27. dxe4 Bxe4 
28. Qd1 dxc4 29. Bxc4 Qd7 30. Nf1 Qxd1 31. Rexd1 Bd5 32. Bxd5 Nxd5 33. b5 axb5 
34. axb5 Nf4 35. Kh2 Ne2 36. Rc2 Nxg3 37. Nxg3 Rxf2 38. Rxf2 Bxf2 39. bxc6 bxc6 
40. Nxh5 Bxh4 41. Rd6 Kh7 42. Rxc6 Re3 43. Nf6+ Bxf6 44. Rxf6 Rd3 45. Rf4 g3+ 
46. Kh3 Kh6 47. Rc4 Kg5 48. Rc1 Kf5 49. Ra1 Ke5 50. Rb1 Ra3 51. Rd1 Ke4 
52. Re1+ Kf4 53. Rf1+ Ke5 54. Kh4 Rd3 55. Ra1 Ke6 56. Rb1 Re3 57. Ra1 Kd5 
58. Rb1 Rd3 59. Ra1 Ke5 60. Rb1 Ke4 61. Ra1 Kd5 62. Rb1 Re3 63. Ra1 Kd6 
64. Rb1 Rc3 65. Ra1 Re3 66. Rb1 Rc3 67. Ra1 Re3 1/2-1/2

[Event "Saturday Night Round Robin 3m+1s Starts at 2200hrs ST No Late Joins Possilbe"]
[Site "Infinity Chess"]
[Date "2018.1.27"]
[Round "8"]
[White "incredible"]
[Black "klasman"]
[Result "1/2-1/2"]
[ECO "E10"]
[WhiteElo "2467"]
[BlackElo "2466"]
[WhiteEngine "Houdini 6"]
[BlackEngine "asmFishW_2018-01-01_popcnt_CTG"]
[EventType "Round Robin"]
[WhiteTeam ""]
[BlackTeam ""]
[PlyCount "113"]
[TimeControl "180+1"]

1. d4 Nf6 2. c4 e6 3. Nf3 d5 4. Nc3 c6 5. Bg5 h6 6. Bxf6 Qxf6 7. e3 Nd7 
8. Bd3 dxc4 9. Bxc4 g6 10. O-O Bg7 11. e4 e5 12. d5 Nb6 13. Nd2 O-O 14. Bb3 Rd8 
15. Qe2 Bf8 16. Rad1 Bd7 17. h3 Bc5 18. Nf3 Kg7 19. Rd3 cxd5 20. Bxd5 Be6 
21. Rfd1 Rd7 22. Bxe6 Rxd3 23. Rxd3 Qxe6 24. Nd5 Rc8 25. b3 Nxd5 26. Rxd5 f6 
27. Qb5 Bb6 28. Rd7+ Kg8 29. Rxb7 Qc6 30. Qxc6 Rxc6 31. Nh4 Rc2 32. Nxg6 Bxf2+ 
33. Kh2 Rxa2 34. Ne7+ Kf8 35. h4 Re2 36. Kh3 Rxe4 37. Nf5 Bc5 38. h5 Re1 
39. b4 Be3 40. b5 e4 41. Kg4 Bd2 42. Rxa7 Rf1 43. g3 e3 44. Ra8+ Kf7 
45. Nxh6+ Ke6 46. b6 Rb1 47. Ng8 Rxb6 48. Kf3 Rb5 49. g4 f5 50. Ra6+ Ke5 
51. gxf5 Kxf5 52. h6 Rb7 53. Ke2 Kg5 54. Nf6 Kxh6 55. Ne4+ Kg7 56. Nxd2 exd2 
57. Kxd2 1/2-1/2

[Event "Saturday Night Round Robin 3m+1s Starts at 2200hrs ST No Late Joins Possilbe"]
[Site "Infinity Chess"]
[Date "2018.1.27"]
[Round "8"]
[White "MrScience"]
[Black "BraveDevil"]
[Result "1-0 "]
[ECO "B90"]
[WhiteElo "2528"]
[BlackElo "2458"]
[WhiteEngine "BrainFish_x64_modern"]
[BlackEngine "Cryptic AIL V2"]
[EventType "Round Robin"]
[WhiteTeam ""]
[BlackTeam ""]
[PlyCount "131"]
[TimeControl "180+1"]

1. e4 c5 2. Nf3 d6 3. d4 cxd4 4. Nxd4 Nf6 5. Nc3 a6 6. Be3 e5 7. Nb3 Be7 
8. a3 Be6 9. f3 O-O 10. Qd2 Qc7 11. g4 b5 12. O-O-O Nbd7 13. Kb1 Rfb8 14. g5 Nh5 
15. Nc1 Nb6 16. N1a2 Qb7 17. Nb4 a5 18. Nbd5 Nxd5 19. Nxd5 Bf8 20. Nb6 Ra6 
21. Nd5 Raa8 22. Rg1 Qc6 23. b3 g6 24. h4 Bxd5 25. Qxd5 Qc3 26. Bd2 Qxf3 
27. Bxb5 Nf4 28. Bxf4 exf4 29. Rgf1 Qc3 30. Rd3 Qe5 31. Bc4 Ra7 32. Qc6 Bg7 
33. c3 Re7 34. Kc2 Rd8 35. Qd5 Kh8 36. Qxe5 Bxe5 37. h5 Kg7 38. h6+ Kf8 
39. Bd5 Rc8 40. c4 Rec7 41. Rdf3 Re8 42. b4 axb4 43. axb4 Ra7 44. Rxf4 Bxf4 
45. Rxf4 Re5 46. Rg4 Ra3 47. b5 f5 48. gxf6 Rh5 49. Kb2 Rf3 50. Rg2 Rxf6 
51. b6 Ke7 52. Kc3 Kd7 53. Rb2 Rf8 54. Kb4 Rxh6 55. Kb5 Rh1 56. e5 Rd1 
57. e6+ Ke7 58. b7 Rdf1 59. Kc6 Rb8 60. Kc7 Rff8 61. Rh2 h5 62. Rg2 h4 
63. Rxg6 Rh8 64. Rg2 Kf6 65. Rf2+ Kg5 66. e7 1-0

[Event "Saturday Night Round Robin 3m+1s Starts at 2200hrs ST No Late Joins Possilbe"]
[Site "Infinity Chess"]
[Date "2018.1.27"]
[Round "8"]
[White "Gilgamesch"]
[Black "Dovahkiin"]
[Result "1/2-1/2"]
[ECO "C50"]
[WhiteElo "2557"]
[BlackElo "2437"]
[WhiteEngine "BrainFish_171005_x64_bmi2"]
[BlackEngine "BrainFish_180113_x64_modern_CTG"]
[EventType "Round Robin"]
[WhiteTeam ""]
[BlackTeam ""]
[PlyCount "44"]
[TimeControl "180+1"]

1. e4 e5 2. Nf3 Nc6 3. Bc4 Bc5 4. O-O Nf6 5. d3 d6 6. c3 a5 7. Bb3 O-O 8. Bg5 h6 
9. Bh4 g5 10. Bg3 g4 11. Nh4 Nh5 12. Kh1 Qg5 13. a4 Bd7 14. Na3 Bb6 15. Nb5 Kh8 
16. d4 Rae8 17. Bd5 Ne7 18. Bxb7 Rb8 19. Ba6 Ra8 20. Bb7 Rab8 21. Ba6 Ra8 
22. Bb7 Rab8 1/2-1/2

[Event "Saturday Night Round Robin 3m+1s Starts at 2200hrs ST No Late Joins Possilbe"]
[Site "Infinity Chess"]
[Date "2018.1.27"]
[Round "8"]
[White "ludimilojko"]
[Black "tris77"]
[Result "0-1 "]
[ECO "B90"]
[WhiteElo "2387"]
[BlackElo "2422"]
[WhiteEngine "asmFishW_2018-01-12_popcnt_CTG"]
[BlackEngine "stockfish_18012416_x64_modern_CTG"]
[EventType "Round Robin"]
[WhiteTeam ""]
[BlackTeam ""]
[PlyCount "178"]
[TimeControl "180+1"]

1. e4 c5 2. Nf3 d6 3. d4 cxd4 4. Nxd4 Nf6 5. Nc3 a6 6. Be3 e5 7. Nb3 Be6 
8. f3 Be7 9. Qd2 O-O 10. O-O-O Nbd7 11. g4 b5 12. g5 Nh5 13. Kb1 Nb6 14. Na5 Rc8 
15. a3 g6 16. Rg1 Qc7 17. Nd5 Nxd5 18. exd5 Bd7 19. c4 Nf4 20. Rc1 Qd8 
21. Nc6 Bxc6 22. dxc6 Rxc6 23. h4 Ne6 24. cxb5 Rxc1+ 25. Qxc1 axb5 26. Bxb5 Qb8 
27. a4 d5 28. Qc6 d4 29. Bd2 Rc8 30. Qe4 Nc5 31. Qe2 d3 32. Qd1 Bf8 33. Re1 e4 
34. fxe4 Qg3 35. Rf1 Qg2 36. Rg1 Qf2 37. Rf1 Qd4 38. Ba5 Qxe4 39. Bc3 h5 
40. gxh6 d2+ 41. Qc2 Bxh6 42. Qxe4 Nxe4 43. Kc2 Bg7 44. Rf4 Nxc3 45. bxc3 Bxc3 
46. Be2 Kg7 47. Rc4 Rxc4 48. Bxc4 f5 49. Be2 Bb4 50. Kd3 Kh6 51. Ke3 Ba5 
52. Kf2 Bb6+ 53. Kg3 Bc7+ 54. Kf2 Bb6+ 55. Kf3 Bd8 56. Ke3 Bxh4 57. a5 Bd8 
58. a6 Bb6+ 59. Kxd2 Bc5 60. Ke1 Kg5 61. Kf1 Kf6 62. Kg2 Kg7 63. Kh2 Bf2 
64. Bc4 Kf6 65. Bb3 Ke5 66. Kg2 Bc5 67. Bd1 Kf4 68. Bc2 Bd4 69. Bd1 g5 
70. Bc2 Ba7 71. Bb1 g4 72. Bc2 Bc5 73. Bd3 Ba7 74. Bb1 Bb6 75. Bd3 Bd4 
76. Bc2 Bc5 77. Bd3 Ke5 78. Be2 Kf6 79. Kg3 Kg5 80. Kg2 Kg6 81. Bd1 Kh6 
82. Bc2 Kg6 83. Bb1 Kg5 84. Bd3 Bb6 85. Bc2 Kg6 86. Kf1 Kf6 87. Ke2 f4 
88. Be4 Kg5 89. Bd5 Kh4 0-1

[Event "Saturday Night Round Robin 3m+1s Starts at 2200hrs ST No Late Joins Possilbe"]
[Site "Infinity Chess"]
[Date "2018.1.27"]
[Round "7"]
[White "Dovahkiin"]
[Black "tris77"]
[Result "0-1"]
[ECO "B23"]
[WhiteElo "2455"]
[BlackElo "2404"]
[WhiteEngine "BrainFish_180113_x64_modern_CTG"]
[BlackEngine "stockfish_18012416_x64_modern_CTG"]
[EventType "Round Robin"]
[WhiteTeam ""]
[BlackTeam ""]
[PlyCount "212"]
[TimeControl "180+1"]

1. e4 c5 2. Nc3 d6 3. Nge2 Nf6 4. g3 g6 5. Bg2 Nc6 6. h3 Bg7 7. d3 O-O 
8. Be3 Bd7 9. O-O Qb6 10. f4 Rad8 11. Rb1 Qc7 12. g4 e6 13. Nb5 Qb8 14. a3 b6 
15. b4 Ne7 16. c4 Bc6 17. Nbc3 d5 18. e5 dxc4 19. exf6 Bxf6 20. Bxc6 Rxd3 
21. Qc1 Nxc6 22. Ne4 Bg7 23. Kf2 Qa8 24. Qxc4 Rfd8 25. Rb3 R3d5 26. Rbb1 b5 
27. Qxb5 cxb4 28. Qc4 bxa3 29. Ra1 Bb2 30. N2c3 Bxa1 31. Rxa1 Ra5 32. Na4 e5 
33. Rxa3 exf4 34. Nf6+ Kg7 35. Qxf4 Qb8 36. Qxb8 Rxb8 37. g5 Rb2+ 38. Nxb2 Rxa3 
39. Ne8+ Kh8 40. Nc4 Ra2+ 41. Kf3 Rc2 42. Ned6 Kg8 43. h4 Kf8 44. Na3 Rh2 
45. Kg3 Rb2 46. Nac4 Rc2 47. Bc5 Ke7 48. Ne4+ Kd7 49. Ne3 Rc1 50. Ba3 Rg1+ 
51. Kf2 Ra1 52. Bc5 a5 53. Nf6+ Kd8 54. Bb6+ Kc8 55. Bc5 a4 56. Nc4 Kd8 
57. Nd5 Rc1 58. Nde3 Ke8 59. Ba3 Rc3 60. Bd6 Kd7 61. Bf8 Ke6 62. Bg7 Rb3 
63. Nd2 Rb8 64. Nec4 Ne7 65. Be5 Rb5 66. Bc3 Nf5 67. Ke2 Nxh4 68. Ne4 Nf5 
69. Bf6 Rb1 70. Ncd2 Rc1 71. Bb2 Rc8 72. Kd3 Rd8+ 73. Kc3 Nd6 74. Nxd6 Rxd6 
75. Ne4 Rc6+ 76. Kb4 Rb6+ 77. Ka3 Rb3+ 78. Ka2 Kf5 79. Nc5 Rh3 80. Nxa4 Kxg5 
81. Kb1 h5 82. Kc2 Kf5 83. Bc3 h4 84. Bb4 Rh1 85. Bd6 h3 86. Nc3 h2 87. Nd1 Re1 
88. Bxh2 Re2+ 89. Kd3 Rxh2 90. Ne3+ Kf4 91. Nd5+ Kf3 92. Nc3 g5 93. Nb5 g4 
94. Nd4+ Kf4 95. Kc3 Ke4 96. Nb3 Rh3+ 97. Kb2 Rxb3+ 98. Kxb3 g3 99. Ka4 g2 
100. Kb5 g1=Q 101. Kc6 Ke5 102. Kc7 Qc5+ 103. Kb7 Kd5 104. Ka6 Qb4 105. Ka7 Kc6 
106. Ka6 Qb6# 0-1

[Event "Saturday Night Round Robin 3m+1s Starts at 2200hrs ST No Late Joins Possilbe"]
[Site "Infinity Chess"]
[Date "2018.1.27"]
[Round "7"]
[White "BraveDevil"]
[Black "Gilgamesch"]
[Result "1/2-1/2"]
[ECO "D31"]
[WhiteElo "2454"]
[BlackElo "2561"]
[WhiteEngine "Cryptic AIL V2"]
[BlackEngine "BrainFish_171005_x64_bmi2"]
[EventType "Round Robin"]
[WhiteTeam ""]
[BlackTeam ""]
[PlyCount "63"]
[TimeControl "180+1"]

1. d4 d5 2. c4 e6 3. Nc3 c6 4. e4 dxe4 5. Nxe4 Bb4+ 6. Bd2 Qxd4 7. Bxb4 Qxe4+ 
8. Be2 Na6 9. Ba5 b6 10. Qd6 Bd7 11. Bc3 f6 12. O-O-O O-O-O 13. Qa3 Kb7 
14. Bf3 Qf4+ 15. Rd2 Qc7 16. Ne2 e5 17. Rhd1 Nh6 18. Ng3 Bg4 19. Bxg4 Nxg4 
20. Ne4 Rxd2 21. Rxd2 Rd8 22. c5 Rxd2 23. Bxd2 Nxc5 24. Nxc5+ bxc5 25. Qxc5 Nxh2 
26. Be3 Kc8 27. Qc4 Qd7 28. Qg8+ Kb7 29. Qb3+ Kc8 30. Qg8+ Kb7 31. Qb3+ Kc8 
32. Qg8+ 1/2-1/2

[Event "Saturday Night Round Robin 3m+1s Starts at 2200hrs ST No Late Joins Possilbe"]
[Site "Infinity Chess"]
[Date "2018.1.27"]
[Round "7"]
[White "star99"]
[Black "MrScience"]
[Result "1/2-1/2"]
[ECO "C07"]
[WhiteElo "2449"]
[BlackElo "2531"]
[WhiteEngine "Cryptic AIL V2"]
[BlackEngine "BrainFish_x64_modern"]
[EventType "Round Robin"]
[WhiteTeam ""]
[BlackTeam ""]
[PlyCount "144"]
[TimeControl "180+1"]

1. e4 e6 2. d4 d5 3. Nd2 c5 4. Ngf3 cxd4 5. exd5 Qxd5 6. Bc4 Qd8 7. O-O Nc6 
8. Nb3 a6 9. Bf4 b5 10. Be2 Bb7 11. Nbxd4 Nxd4 12. Nxd4 Nf6 13. c4 bxc4 
14. Rc1 Be7 15. Rxc4 O-O 16. Nc6 Bxc6 17. Rxc6 Nd5 18. Bd2 a5 19. Rc4 Qb6 
20. b3 Rac8 21. Bd3 Rc5 22. Qe2 Rxc4 23. Bxc4 Rd8 24. Rd1 h6 25. Bxd5 Rxd5 
26. Be3 Rxd1+ 27. Qxd1 Qc6 28. h3 Bf6 29. g3 Be7 30. Qc1 Qf3 31. Bc5 Qc6 
32. Be3 Qf3 33. Qc8+ Kh7 34. Qc2+ Kg8 35. Qc8+ Kh7 36. Qc4 Kg6 37. Bb6 Bb4 
38. a3 Bxa3 39. Bxa5 Bd6 40. b4 Qd5 41. Qxd5 exd5 42. Kg2 Kf5 43. Kf3 d4 
44. g4+ Ke5 45. Ke2 Kd5 46. Kd3 g6 47. b5 Kc5 48. b6 Kb5 49. Bd2 h5 
50. gxh5 gxh5 51. b7 Kc6 52. Bb4 Bc7 53. Kxd4 Kxb7 54. Ke4 Kb6 55. Kd5 Bd8 
56. Bd2 Bc7 57. f3 Kb5 58. Bg5 Ba5 59. Kd6 Bb4+ 60. Kd5 Bc3 61. Bh4 Bd2 
62. Bg3 Kb4 63. Be5 Kb5 64. f4 Bb4 65. Bd4 Be1 66. f5 Bh4 67. Kd6 Bg5 
68. Be5 Kc4 69. f6 Kd3 70. Ba1 Ke4 71. Ke7 Kf3 72. Kxf7 Bxf6 1/2-1/2

[Event "Saturday Night Round Robin 3m+1s Starts at 2200hrs ST No Late Joins Possilbe"]
[Site "Infinity Chess"]
[Date "2018.1.27"]
[Round "7"]
[White "klasman"]
[Black "xeonrocks"]
[Result "0-1"]
[ECO "C55"]
[WhiteElo "2481"]
[BlackElo "2516"]
[WhiteEngine "asmFishW_2018-01-01_popcnt_CTG"]
[BlackEngine "asmFishW_CTG"]
[EventType "Round Robin"]
[WhiteTeam ""]
[BlackTeam ""]
[PlyCount "148"]
[TimeControl "180+1"]

1. e4 e5 2. Nf3 Nc6 3. Bc4 Nf6 4. d3 Bc5 5. O-O a5 6. c3 d6 7. Bg5 O-O 8. a4 h6 
9. Bh4 g5 10. Bg3 Kg7 11. Na3 Ne7 12. Re1 Ng6 13. d4 exd4 14. Nxd4 h5 15. f3 h4 
16. Bf2 Ne5 17. Bb3 Nh5 18. Nc4 Re8 19. Rf1 Nf4 20. Kh1 Qf6 21. Ne3 c6 
22. Bg1 b6 23. Qd2 Kf8 24. h3 Ba6 25. Rfe1 d5 26. exd5 Ned3 27. dxc6 Nxe1 
28. Rxe1 Rad8 29. Rd1 Ne2 30. c7 Rd6 31. Bh2 Ng3+ 32. Bxg3 hxg3 33. Bc4 Bc8 
34. Qd3 Kg7 35. Nf1 Qf4 36. Ba6 Bxd4 37. cxd4 Bxa6 38. Qxa6 Rc6 39. Qb5 Rc1 
40. Rxc1 Qxc1 41. Kg1 Rc8 42. Qe5+ Kg6 43. Qd6+ Kh7 44. Qxg3 Qf4 45. Qf2 Rxc7 
46. Qe3 Qxe3+ 47. Nxe3 Rc1+ 48. Kf2 Kg6 49. Ke2 Ra1 50. Kd3 Rxa4 51. g3 Ra2 
52. Kc2 Ra1 53. Nd1 b5 54. h4 a4 55. d5 a3 56. bxa3 gxh4 57. gxh4 Rxa3 
58. Nc3 b4 59. Ne4 Rxf3 60. d6 b3+ 61. Kc1 Rd3 62. Kb2 Kf5 63. Ng5 Rxd6 
64. Nxf7 Rd3 65. Ng5 Re3 66. Nf7 Ke6 67. Ng5+ Kd5 68. Kb1 Kc4 69. Kb2 Re2+ 
70. Kc1 b2+ 71. Kb1 Kb3 72. Nf3 Kc3 73. Ne1 Rxe1+ 74. Ka2 Ra1# 0-1

[Event "Saturday Night Round Robin 3m+1s Starts at 2200hrs ST No Late Joins Possilbe"]
[Site "Infinity Chess"]
[Date "2018.1.27"]
[Round "7"]
[White "incredible"]
[Black "ludimilojko"]
[Result "1/2-1/2"]
[ECO "E10"]
[WhiteElo "2470"]
[BlackElo "2384"]
[WhiteEngine "Houdini 6"]
[BlackEngine "asmFishW_2018-01-12_popcnt_CTG"]
[EventType "Round Robin"]
[WhiteTeam ""]
[BlackTeam ""]
[PlyCount "194"]
[TimeControl "180+1"]

1. d4 Nf6 2. c4 e6 3. Nf3 d5 4. Nc3 c6 5. Bg5 h6 6. Bxf6 Qxf6 7. e3 Nd7 
8. Bd3 dxc4 9. Bxc4 g6 10. O-O Bg7 11. e4 e5 12. d5 Nb6 13. Nd2 O-O 14. Bb3 h5 
15. Qe2 Bg4 16. f3 Bd7 17. Qf2 Qe7 18. Nc4 Nxc4 19. Bxc4 Rfd8 20. b3 h4 
21. Rad1 Bh6 22. dxc6 Bxc6 23. a4 Rxd1 24. Rxd1 Kg7 25. g3 Rh8 26. Nd5 Bxd5 
27. Rxd5 Bc1 28. f4 exf4 29. Qd4+ Qf6 30. e5 Qe6 31. gxf4 Qg4+ 32. Kf2 Qxf4+ 
33. Qxf4 Bxf4 34. h3 Bg3+ 35. Kg2 Rb8 36. Rd7 Bxe5 37. Bxf7 Kh6 38. Bd5 Bc3 
39. Kf3 Rf8+ 40. Ke2 Bb4 41. Bxb7 Re8+ 42. Kd3 Re1 43. Rd4 Rd1+ 44. Kc4 Rxd4+ 
45. Kxd4 Kg7 46. Kc4 a5 47. Be4 g5 48. Bf3 Kf6 49. Kd5 Bf8 50. Bg4 Ba3 
51. Bd7 Be7 52. Be6 Bf8 53. Bd7 Ba3 54. Bc8 Be7 55. Be6 Ba3 56. Bd7 Bb4 
57. Bg4 Be1 58. Kc5 Bd2 59. Kc4 Be1 60. Bf3 Ke5 61. Kb5 Bc3 62. Kc4 Be1 
63. Bh5 Ke4 64. Bg4 Bd2 65. Be6 Be1 66. Kb5 Kd4 67. Kc6 Ke5 68. Bg4 Bc3 
69. Kb5 Kf6 70. Bf3 Ke6 71. Kc4 Bd2 72. Bg4+ Ke5 73. Bf3 Kf5 74. Bg4+ Ke4 
75. Be6 Ke5 76. Bg4 Kf6 77. Kd3 Be1 78. Ke4 Bc3 79. Be2 Bd2 80. Bf3 Bb4 
81. Kd5 Be7 82. Ke4 Bd6 83. Kd5 Bb4 84. Bg4 Bd2 85. Kc4 Ke5 86. Bf3 Bb4 
87. Bg4 Be1 88. Kb5 Kd4 89. Be6 Bd2 90. Bc8 Kd5 91. Bd7 Bc3 92. Bg4 Bd2 
93. Bf5 Be1 94. Bd7 Bc3 95. Bc6+ Kd6 96. Bf3 Bb4 97. Kb6 Be1 1/2-1/2

[Event "Saturday Night Round Robin 3m+1s Starts at 2200hrs ST No Late Joins Possilbe"]
[Site "Infinity Chess"]
[Date "2018.1.27"]
[Round "6"]
[White "ludimilojko"]
[Black "Dovahkiin"]
[Result "1/2-1/2"]
[ECO "C50"]
[WhiteElo "2381"]
[BlackElo "2458"]
[WhiteEngine "asmFishW_2018-01-12_popcnt_CTG"]
[BlackEngine "BrainFish_180113_x64_modern_CTG"]
[EventType "Round Robin"]
[WhiteTeam ""]
[BlackTeam ""]
[PlyCount "136"]
[TimeControl "180+1"]

1. e4 e5 2. Nf3 Nc6 3. Bc4 Bc5 4. O-O Nf6 5. d3 d6 6. c3 a5 7. Bg5 Ba7 8. Bh4 h6 
9. Nbd2 g5 10. Bg3 O-O 11. Bb3 Be6 12. a4 Qe7 13. Nc4 Qd7 14. Re1 Rae8 
15. Ne3 Bxe3 16. Rxe3 Bxb3 17. Qxb3 Kh7 18. h3 Nh5 19. Bh2 b6 20. d4 exd4 
21. cxd4 Nb4 22. g4 Nf6 23. Nd2 h5 24. f3 Qe6 25. Rc3 Qxb3 26. Nxb3 Rc8 
27. d5 Nd7 28. Nd4 h4 29. Kg2 Na6 30. b3 Nac5 31. Bg1 f6 32. Nf5 Rce8 
33. Kf2 Rh8 34. Rf1 Kg6 35. Ke2 Kf7 36. Bd4 Rb8 37. f4 gxf4 38. Rxf4 b5 
39. Bxc5 dxc5 40. axb5 Rxb5 41. Rff3 Rb4 42. Rfe3 Rh7 43. Rc4 Rh8 44. Rc1 Re8 
45. Kd2 a4 46. bxa4 Rxa4 47. Nxh4 Nb6 48. Ke2 Nc4 49. Rec3 Rxe4+ 50. Kf2 Rd4 
51. Nf3 Re4 52. Kg1 Ke8 53. Nh4 Kd8 54. Nf5 Ne5 55. Ng3 Red4 56. Rf1 c4 
57. Rxf6 Rd3 58. Rxd3 cxd3 59. Nf1 Ra1 60. Kf2 Ra2+ 61. Ke3 Re2+ 62. Kd4 d2 
63. Nxd2 Nd7 64. Ne4 Nxf6 65. Nxf6 Rh2 66. Ke5 Rxh3 67. d6 cxd6+ 68. Kxd6 Re3 
1/2-1/2

[Event "Saturday Night Round Robin 3m+1s Starts at 2200hrs ST No Late Joins Possilbe"]
[Site "Infinity Chess"]
[Date "2018.1.27"]
[Round "6"]
[White "xeonrocks"]
[Black "incredible"]
[Result "1/2-1/2 "]
[ECO "C53"]
[WhiteElo "2518"]
[BlackElo "2468"]
[WhiteEngine "asmFishW_CTG"]
[BlackEngine "Houdini 6"]
[EventType "Round Robin"]
[WhiteTeam ""]
[BlackTeam ""]
[PlyCount "193"]
[TimeControl "180+1"]

1. e4 e5 2. Nf3 Nc6 3. Bc4 Bc5 4. c3 Nf6 5. d4 exd4 6. e5 d5 7. Bb5 Ne4 
8. cxd4 Bb6 9. O-O O-O 10. h3 f6 11. Nc3 fxe5 12. Bxc6 bxc6 13. Nxe4 dxe4 
14. Qb3+ Qd5 15. Nxe5 Ba6 16. Rd1 Qxb3 17. axb3 Bb5 18. Be3 Rad8 19. b4 Rd5 
20. Rac1 Ba4 21. Rd2 Rf6 22. Nc4 h6 23. Ra1 Bb5 24. b3 a6 25. Kh2 Kh8 
26. Re1 Kh7 27. Kg3 Rg6+ 28. Kh2 Re6 29. Rc1 Rf6 30. Re1 Rf8 31. h4 Ba7 
32. Kg3 Rf6 33. Kh2 Bb6 34. Rg1 Rh5 35. Kg3 Rd5 36. Ra1 Ba7 37. Rc1 Rg6+ 
38. Kh2 Re6 39. g4 Re8 40. h5 Bb6 41. Kg3 Rf8 42. Rcd1 Rf3+ 43. Kg2 Rf6 
44. Rg1 Rd7 45. Rc1 Ba7 46. Rdd1 Rd5 47. Kg3 Rf3+ 48. Kg2 Rf6 49. Rd2 Rd7 
50. Kg3 Rd8 51. Kh3 Rd5 52. Kg3 Bb6 53. Kh4 Rf8 54. Kg3 Rf6 55. Ne5 Rfd6 
56. Rcd1 Rf6 57. Rc1 Rfd6 58. Rcd1 Rf6 59. Kg2 Rdd6 60. Nc4 Rd8 61. Kh3 Rd5 
62. Rc1 Re6 63. Rdd1 Ba7 64. Rc2 Rf6 65. Rdd2 Rf8 66. Rc1 Bb6 67. Kg2 Re8 
68. Kh2 Rf8 69. Rcd1 Rf6 70. Kg3 Rd8 71. Re1 Rf3+ 72. Kg2 Rff8 73. Rdd1 Rd5 
74. Rd2 Rf3 75. Ne5 Rf8 76. Rc1 Rf6 77. Nc4 Rf8 78. Rcd1 Rf6 79. Kh3 Kh8 
80. Rc1 Kg8 81. Re1 Rf3+ 82. Kh2 Kh7 83. Rb1 Rd8 84. Ne5 Rf6 85. Kg3 Rd5 
86. Rbd1 Ba7 87. Bf4 Bb6 88. Re1 Bxd4 89. Rxe4 Ba1 90. Ra2 Rd1 91. Nd7 Rf7 
92. Be5 Rb1 93. Rxa1 Rxb3+ 94. Re3 Rxe3+ 95. fxe3 Rxd7 96. Rc1 Rf7 97. Bd4 
1/2-1/2

[Event "Saturday Night Round Robin 3m+1s Starts at 2200hrs ST No Late Joins Possilbe"]
[Site "Infinity Chess"]
[Date "2018.1.27"]
[Round "6"]
[White "MrScience"]
[Black "klasman"]
[Result "1/2-1/2"]
[ECO "C77"]
[WhiteElo "2533"]
[BlackElo "2479"]
[WhiteEngine "BrainFish_x64_modern"]
[BlackEngine "asmFishW_2018-01-01_popcnt_CTG"]
[EventType "Round Robin"]
[WhiteTeam ""]
[BlackTeam ""]
[PlyCount "96"]
[TimeControl "180+1"]

1. e4 e5 2. Nf3 Nc6 3. Bb5 a6 4. Ba4 Nf6 5. O-O Be7 6. Re1 b5 7. Bb3 O-O 
8. c3 d5 9. exd5 Nxd5 10. Nxe5 Nxe5 11. Rxe5 c6 12. Re1 Bd6 13. d3 Bf5 
14. Qf3 Qh4 15. g3 Qh3 16. Be3 Bxd3 17. Nd2 Qf5 18. Bd4 Rae8 19. a4 h6 
20. Kg2 Qxf3+ 21. Kxf3 Rxe1 22. Rxe1 bxa4 23. Bxa4 c5 24. Be5 Bxe5 25. Rxe5 Nb6 
26. Bc6 Rc8 27. Bb7 Rb8 28. Be4 Bxe4+ 29. Rxe4 Kf8 30. b3 Rd8 31. Ke2 f5 
32. Rf4 g6 33. g4 Nd5 34. Rf3 Kg7 35. gxf5 g5 36. Kd1 Nf4 37. h4 Kf6 
38. hxg5+ hxg5 39. Kc2 Re8 40. Re3 Rxe3 41. fxe3 Nh3 42. b4 cxb4 43. Ne4+ Kxf5 
44. Nxg5 b3+ 45. Kxb3 Nxg5 46. c4 Ne6 47. Kb4 a5+ 48. Ka4 Ng5 1/2-1/2

[Event "Saturday Night Round Robin 3m+1s Starts at 2200hrs ST No Late Joins Possilbe"]
[Site "Infinity Chess"]
[Date "2018.1.27"]
[Round "6"]
[White "Gilgamesch"]
[Black "star99"]
[Result "1/2-1/2"]
[ECO "B90"]
[WhiteElo "2566"]
[BlackElo "2444"]
[WhiteEngine "BrainFish_171005_x64_bmi2"]
[BlackEngine "Cryptic AIL V2"]
[EventType "Round Robin"]
[WhiteTeam ""]
[BlackTeam ""]
[PlyCount "169"]
[TimeControl "180+1"]

1. e4 c5 2. Nf3 d6 3. d4 cxd4 4. Nxd4 Nf6 5. Nc3 a6 6. Be3 e5 7. Nb3 Be7 
8. Be2 Be6 9. Qd3 Nc6 10. O-O Rc8 11. a3 O-O 12. Rfd1 Nd7 13. Bf1 f5 
14. exf5 Bxf5 15. Qd2 Qe8 16. Nd5 Bh4 17. Rac1 Kh8 18. g3 Bd8 19. Bg2 Bg4 
20. Re1 Qh5 21. c4 b6 22. Nc3 Be7 23. Nd5 Bd8 24. Nb4 Ne7 25. Qxd6 Nf5 
26. Qd3 Nxe3 27. fxe3 Rf6 28. Rc2 Rf8 29. Nd5 e4 30. Qd4 Bf6 31. Nf4 Qh6 
32. Qxe4 Rce8 33. Qd3 Ne5 34. Qd2 Nf3+ 35. Bxf3 Bxf3 36. Rf1 Be4 37. Rcc1 Be5 
38. Nd4 g5 39. Nfe2 Qh3 40. Nc3 Bb7 41. Nd5 Bxg3 42. Qg2 Qxg2+ 43. Kxg2 Be5 
44. Kg1 b5 45. Rxf8+ Rxf8 46. Nb6 bxc4 47. Rxc4 Rd8 48. Na4 g4 49. Nc5 Bd5 
50. Ra4 Bf6 51. Nd3 Be4 52. Nf2 Bb7 53. Rb4 Bc8 54. Ne4 Be5 55. Rc4 Bb7 
56. Nc5 Bd5 57. Ra4 Bf6 58. Nd3 Be4 59. Nf2 Bb7 60. Rb4 Bc8 61. Ne4 Be5 
62. Rc4 Bb7 63. Ng3 Rc8 64. b3 Kg8 65. Ngf5 Rxc4 66. bxc4 Kf8 67. c5 Bd5 
68. Nc2 Be6 69. Nfd4 Bc4 70. Nc6 Bc7 71. Na7 Ke8 72. Nc8 Kd7 73. Nb6+ Bxb6 
74. cxb6 Kc6 75. e4 Kxb6 76. Ne3 Be6 77. Nd5+ Bxd5 78. exd5 a5 79. Kg2 a4 
80. Kg3 Kc5 81. Kxg4 Kxd5 82. Kf5 Kc4 83. Ke4 h5 84. h4 Kb3 85. Kd3 1/2-1/2

[Event "Saturday Night Round Robin 3m+1s Starts at 2200hrs ST No Late Joins Possilbe"]
[Site "Infinity Chess"]
[Date "2018.1.27"]
[Round "6"]
[White "tris77"]
[Black "BraveDevil"]
[Result "1/2-1/2"]
[ECO "C65"]
[WhiteElo "2402"]
[BlackElo "2456"]
[WhiteEngine "stockfish_18012416_x64_modern_CTG"]
[BlackEngine "Cryptic AIL V2"]
[EventType "Round Robin"]
[WhiteTeam ""]
[BlackTeam ""]
[PlyCount "111"]
[TimeControl "180+1"]

1. e4 e5 2. Nf3 Nc6 3. Bb5 Nf6 4. O-O Nxe4 5. d4 Nd6 6. Bxc6 dxc6 7. dxe5 Nf5 
8. Qxd8+ Kxd8 9. Nc3 Ke8 10. Ne2 h6 11. Rd1 Be6 12. b3 g5 13. Bb2 Be7 14. c4 Rd8 
15. Nc3 g4 16. Ne1 Nd4 17. Ne4 c5 18. Nd3 b6 19. Nf4 h5 20. Nf6+ Bxf6 
21. exf6 Rh6 22. Re1 Rd6 23. Rad1 Kd8 24. Kf1 Rxf6 25. Ne2 Kc8 26. Bxd4 cxd4 
27. Rxd4 Bf5 28. Red1 Rxd4 29. Nxd4 Be4 30. Nb5 a6 31. Nc3 Bc6 32. Nd5 Re6 
33. Nf4 Re5 34. Rd4 Be4 35. Nd3 Bxd3+ 36. Rxd3 b5 37. cxb5 axb5 38. h4 f5 
39. f3 g3 40. a4 bxa4 41. bxa4 Rc5 42. Ke2 Rc4 43. Rd5 Rxh4 44. Rxf5 Rxa4 
45. Rxh5 Ra2+ 46. Kf1 Rc2 47. Rg5 Rc1+ 48. Ke2 Rc2+ 49. Kd3 Rxg2 50. Ke3 Kd7 
51. f4 Ke6 52. Kf3 Rg1 53. Rxg3 Rxg3+ 54. Kxg3 Kf5 55. Kf3 c5 56. Ke3 1/2-1/2

[Event "Saturday Night Round Robin 3m+1s Starts at 2200hrs ST No Late Joins Possilbe"]
[Site "Infinity Chess"]
[Date "2018.1.27"]
[Round "5"]
[White "BraveDevil"]
[Black "Dovahkiin"]
[Result "1/2-1/2"]
[ECO "D31"]
[WhiteElo "2456"]
[BlackElo "2458"]
[WhiteEngine "Cryptic AIL V2"]
[BlackEngine "BrainFish_180113_x64_modern_CTG"]
[EventType "Round Robin"]
[WhiteTeam ""]
[BlackTeam ""]
[PlyCount "36"]
[TimeControl "180+1"]

1. d4 d5 2. c4 e6 3. Nc3 c6 4. e4 dxe4 5. Nxe4 Bb4+ 6. Bd2 Qxd4 7. Bxb4 Qxe4+ 
8. Be2 Na6 9. Ba5 b6 10. Qd6 Bd7 11. Bc3 f6 12. Rd1 O-O-O 13. Qa3 Kb7 14. Nf3 e5 
15. Rd2 Qb1+ 16. Rd1 Qe4 17. Rd2 Qb1+ 18. Rd1 Qe4 1/2-1/2